 Dungeon Crawl Stone Soup version 0.31-a0-472-g43a2ca8e1b (webtiles) character file.

Game seed: 4328177585069701406

394 Ethylacetat the Changeling (level 6, -6/42 HPs)
             Began as an Octopode Shapeshifter on Aug 6, 2023.
             Mangled by a gnoll
             ... wielding a +0 club
              (7 damage)
             ... on level 3 of the Dungeon.
             The game lasted 00:05:22 (2457 turns).

Ethylacetat the Changeling (Octopode Shapeshifter)  Turns: 2457, Time: 00:05:22

Health: -6/42      AC:  1    Str: 14    XL:     6   Next: 81%
Magic:  6/6        EV: 13    Int: 10    God:
Gold:   119        SH:  0    Dex: 15    Spells: 5/5 levels left

rFire   . .          .
                       - Unarmed
rCold   . . .        (no shield)
rNeg    . . .        (helmet currently unavailable)
rPois   .            (no amulet)
rElec   .            (no ring)
rCorr   .            (no ring)
SInv    .            (no ring)
Will    .....        (no ring)
Stlth   ++           (no ring)
HPRegen 0.27/turn    (no ring)
MPRegen 0.10/turn    (no ring)
                     (no ring)

%: no passive effects
@: beast-form, attractive
A: beast (slay +3), almost no armour, amphibious, 8 rings, camouflage 1,
gelatinous body 1, (nimble swimmer 1), tentacles
a: Begin Untransformation


You were on level 3 of the Dungeon.
You were a hulking beast.
You visited 1 branch of the dungeon, and saw 3 of its levels.

You collected 119 gold pieces.

Inventory:

Talismans
 b - a beast talisman (active)
Scrolls
 c - a scroll of teleportation {unknown}
 d - a scroll of immolation {unknown}
 e - a scroll of revelation {unknown}
 f - 2 scrolls of identify {unknown}
 g - a scroll of enchant armour {unknown}


   Skills:
 + Level 3.3 Fighting
 - Level 2.0 Dodging
 + Level 4.4 Unarmed Combat
 * Level 5.0 Shapeshifting


You had 5 spell levels left.
You didn't know any spells.
Your spell library contained the following spells:

 Spells                   Type           Power      Damage    Failure   Level
 Blink                    Tloc           0%         N/A       50%         2
 Ozocubu's Armour         Ice            0%         N/A       75%         3
 Summon Guardian Golem    Hex/Summ       0%         N/A       75%         3
 Manifold Assault         Tloc           0%         N/A       98%         4
 Metabolic Englaciation   Hex/Ice        0%         N/A       100%        5
 Simulacrum               Ice/Necr       0%         N/A       100%        6
 Orb of Destruction       Conj           0%         9d5       100%        7
 Spellforged Servitor     Conj/Summ      0%         N/A       100%        7


Dungeon Overview and Level Annotations

Branches:
Dungeon (3/15)

Altars:


Innate Abilities, Weirdness & Mutations

You are a hulking beast.
Your limbs bulge with bestial killing power. (Slay +3)
You cannot wear most types of armour.
You are amphibious.
You can wear up to eight rings at the same time.
Your skin changes colour to match your surroundings (Stealth+).
Your rubbery body absorbs attacks. (AC +1, EV +1)
((You are camouflaged when in or above water. (Stealth+)))
You have tentacles for arms and can constrict up to eight enemies at once.


Message History

You tentacle-slap the kobold brigand but do no damage.
You grab the kobold brigand. You squeeze the kobold brigand!
The kobold brigand is moderately wounded.
You constrict the kobold brigand.
The kobold brigand hits you with a +0 club!
You tentacle-slap the kobold brigand. You squeeze the kobold brigand!
The kobold brigand is almost dead.
You constrict the kobold brigand, but do no damage.
The kobold brigand hits you with a +0 club.
You barely miss the kobold brigand.
The kobold brigand is almost dead.
You constrict the kobold brigand.
The kobold brigand hits you with a +0 club.
Unknown command.
You tentacle-slap the kobold brigand.
You kill the kobold brigand!
The gnoll hits you from afar with a +0 spear!
Your life force feels restored.
Your Shapeshifting skill increases to level 5!
You tentacle-slap the kobold.
You kill the kobold!
The gnoll hits you from afar with a +0 spear.
* * * LOW HITPOINT WARNING * * *
The gnoll attacks as you move away! The gnoll hits you with a +0 club.
* * * LOW HITPOINT WARNING * * *
Okay, then.
It was a potion of attraction.
You feel attractive to monsters. The gnoll hits you with a +0 club.
* * * LOW HITPOINT WARNING * * *
You see here 5 stones.
You tentacle-slap the gnoll. You grab the gnoll. You squeeze the gnoll!
You kill the gnoll!
The gnoll hits you from afar with a +0 spear.
* * * LOW HITPOINT WARNING * * *
You tentacle-slap the gnoll. You grab the gnoll.
The gnoll is moderately wounded.
You constrict the gnoll. The gnoll barely misses you.
The gnoll hits you with a +0 club!
You die...

...............................((
).~.~~~..~~~.~~.~~..~~~...~~~~.~~
~~~~≈~~≈~≈≈~~†)~~~~~~~~~~~~≈~≈~~~
≈≈≈≈≈~≈≈≈≈≈~≈≈≈≈~≈≈≈≈≈~≈≈≈≈~≈≈≈≈≈
≈≈≈≈≈≈≈#####≈≈≈≈≈≈≈≈≈)≈≈≈≈≈≈≈≈≈≈≈
≈≈≈≈≈≈≈#.. ######################
≈≈≈≈≈≈≈#.. #..............#......
≈≈≈≈≈≈≈#.. #..g..(........'......
≈≈≈≈≈≈≈##)##...gh).......)#######
≈≈≈≈≈≈≈≈#......########..........
≈≈≈≈≈≈≈≈#......# #.)).......
≈≈≈≈≈≈≈≈#......########.......)..
≈≈≈≈≈≈≈##+##..............#######
#≈≈≈≈≈≈# #..............'.)....
#≈≈≈≈≈≈# #..............#......
##≈≈≈≈≈# ######################
##≈≈≈≈#####≈≈≈≈≈≈≈≈≈≈≈≈≈≈≈≈≈≈≈≈≈


You could see 2 gnolls.

Vanquished Creatures
  3 kobold brigands (D:3)
  10 gnolls (D:3)
  An adder (D:2)
  A dart slug (D:2)
  4 endoplasms
  2 giant cockroaches
  3 goblins
  11 hobgoblins
  4 jackals (D:2)
  29 kobolds
  A quokka (D:3)
  5 ball pythons
  3 bats
  A frilled lizard (D:2)
  7 rats
85 creatures vanquished.

Notes
Turn   | Place    | Note
-------+----------+-------------------------------------------
     0 | D:1      | Ethylacetat the Octopode Shapeshifter began the quest for
                  | the Orb.
     0 | D:1      | Reached XP level 1. HP: 13/13 MP: 1/1
   310 | D:1      | Reached XP level 2. HP: 13/18 MP: 2/2
   606 | D:2      | Reached XP level 3. HP: 11/23 MP: 3/3
   836 | D:2      | Identified the +0 whip "Qiobos" {venom, *Slow rC+ rN+
                  | Stlth+}
   932 | D:2      | Found a faded altar of an unknown god.
  1502 | D:3      | Reached XP level 4. HP: 28/29 MP: 4/4
  1688 | D:3      | Noticed a kobold brigand
  1688 | D:3      | Noticed a kobold brigand
  1700 | D:3      | Killed a kobold brigand
  1701 | D:3      | Reached skill level 4 in Shapeshifting
  1701 | D:3      | Reached XP level 5. HP: 31/35 MP: 5/5
  1708 | D:3      | Killed a kobold brigand
  1714 | D:3      | Reached XP level 6. HP: 18/41 MP: 6/6
  2448 | D:3      | Reached skill level 5 in Shapeshifting
  2456 | D:3      | HP: 1/42 [gnoll/+0 spear (4)]
  2457 | D:3      | Mangled by a gnoll

Illustrated notes

Levels and vault maps discovered:
D:1:      sevenhm_arrival_forest_fort_small_3, layout_loops_ring
D:2:      layout_rooms, shapermc_ecumenical_altar_totnotflames,
          minmay_misc_feat_plants
D:3:      minmay_goblin_kobold_castle, layout_loops_cross, kennysheep_nub

Skill      XL: |  1  2  3  4  5  6 |
---------------+-------------------+-----
Fighting       | 2 3 |  3.3
Shapeshifting  | 4 5 |  5.0
Unarmed Combat | 4 |  4.4
Dodging        | |  2.0

Action                     |  1- 3 |  4- 6 || total
---------------------------+-------+-------++-------
  Melee: Unarmed           |    75 |    94 ||   169
         Tentacles         |    19 |    17 ||    36
         Constrict         |    17 |    21 ||    38
         Punch             |     1 |       ||     1
    Use: Potion            |       |     4 ||     4
   Stab: Sleeping          |     3 |     1 ||     4
         Distracted        |       |     1 ||     1
 Armour: Skin              |     8 |    23 ||    31
  Dodge: Dodged            |    44 |    42 ||    86

Table legend: (Time is in decaauts)
 A = Elapsed time spent in this place.
 B = Non-inter-level travel time spent in this place.
 C = Inter-level travel time spent in this place.
 D = Time resting spent in this place.
 E = Time spent auto-exploring this place.
 F = Levels seen in this place.
 G = Mean time per level.
                   A        B        C        D        E       F      G
               +--------+--------+--------+--------+--------+-----+--------+
         Total |   2441 |   2364 |     77 |    238 |   1657 |   3 |  813.7 |
       Dungeon |   2441 |   2364 |     77 |    238 |   1657 |   3 |  813.7 |
               +--------+--------+--------+--------+--------+-----+--------+

Top non-repeatable levels by time:
     D:3: 1246 daAuts
     D:2: 605 daAuts
     D:1: 588 daAuts
